 Dungeon Crawl Stone Soup version 0.24-a0-102-g7635c99 (console) character file.

Game seed: 15922828643492620696

10974 Voker57 the Carver (level 11, -1/80 HPs)
             Began as a Demonspawn Gladiator on Feb 12, 2019.
             Was a Priest of Hepliaklqana.
             Succumbed to a death drake's dark miasma
             ... in a Gauntlet.
             The game lasted 00:29:54 (11553 turns).

Voker57 the Carver (Demonspawn Gladiator)          Turns: 11553, Time: 00:29:55

Health: -1/80      AC: 19    Str: 17 (19) XL:     11   Next: 43%
Magic:  1/20       EV: 11    Int:  5 (8)  God:    Hepliaklqana [***...]
Gold:   602        SH:  0    Dex: 14 (17) Spells: 10/10 levels left

rFire    + + .     SeeInvis +   N - +2 great sword (freeze)
rCold    . . .     Gourm    .   (shield currently unavailable)
rNeg     . . .     Faith    +   w - +4 plate armour {rPois}
rPois    +         Spirit   +   (helmet restricted)
rElec    +         Reflect  .   (no cloak)
rCorr    .         Harm     .   (no gloves)
MR       +....     Clarity  +   v - +0 pair of boots of Agnosticism {rF++ Stlth+} Stlth ..........NoTele +
                                t - amulet "Xuumiabo" {Faith rElec MR+ Stlth+}
HPRegen  0.23/turn              D - ring of see invisible
MPRegen  0.34/turn              y - ring of magical power

@: lethally poisoned (-1 -> -31), slowed, very slow
A: reduced essence, horns 1, repulsion field 1, clarity, dopey 1, powered by
pain 2, strong 2, magic shield, magic regeneration
a: Recall Ancestor, Ancestor Identity, Transference, Renounce Religion


You were in a Gauntlet.
You worshipped Hepliaklqana.
Hepliaklqana was most pleased with you.
You were hungry.

You visited 3 branches of the dungeon, and saw 12 of its levels.
You also visited: Sewer and Gauntlet.

You collected 602 gold pieces.

Inventory:

Hand Weapons
 K - a +3 flail
 N - a +2 great sword of freezing (weapon)
Armour
 d - a +1 scale mail of magic resistance
 s - a +1 ring mail of fire resistance
 v - the +0 pair of boots of Agnosticism (worn) {rF++ Stlth+}
   (You found it on level 5 of the Dungeon)

   It greatly protects you from fire.
   It makes you more stealthy.
 w - a +4 plate armour of poison resistance (worn)
Jewellery
 m - a +3 ring of dexterity
 t - the amulet "Xuumiabo" (around neck) {Faith rElec MR+ Stlth+}
   (You found it on level 1 of the Lair of Beasts)

   [amulet of faith]

   It allows you to gain divine favour quickly.
   It insulates you from electricity.
   It affects your resistance to hostile enchantments.
   It makes you more stealthy.
 x - a +3 amulet of reflection
 y - a ring of magical power (right hand)
 D - a ring of see invisible (left hand)
 E - an uncursed amulet of the gourmand
Wands
 p - a wand of disintegration (14)
 r - a wand of flame (25)
 A - a wand of acid (11)
 G - a wand of iceblast (12)
 H - a wand of polymorph (5)
 I - a wand of clouds (10)
 Q - a wand of paralysis (8)
Scrolls
 e - 8 scrolls of remove curse
 h - 5 scrolls of identify
 i - 3 scrolls of teleportation
 o - a scroll of enchant weapon
 C - 2 scrolls of amnesia
Potions
 g - 2 potions of haste
 k - 2 potions of magic
 l - 6 potions of curing
 u - 2 potions of degeneration
 z - a potion of ambrosia
 F - 2 potions of flight
 J - 2 potions of lignification
 L - a potion of might
Miscellaneous
 n - a sack of spiders
Comestibles
 f - 15 rations


   Skills:
 + Level 9.0 Fighting
 + Level 9.2 Long Blades
 - Level 1.8 Throwing
 * Level 8.9 Armour
 + Level 8.3 Dodging
 - Level 1.0 Stealth


You had 10 spell levels left.
You didn't know any spells.
Your spell library contained the following spells:

 Spells                   Type           Power        Failure   Level  Hunger
 Magic Dart               Conj           #...         100%        1    ##.....
 Searing Ray              Conj           #.....       100%        2    ###....
 Dazzling Spray           Conj/Hex       #.....       100%        3    ####...
 Gell's Gravitas          Tloc           #.........   100%        3    ####...
 Portal Projectile        Hex/Tloc       #.....       100%        3    ####...
 Force Lance              Conj/Tloc      #.......     100%        4    #####..
 Fulminant Prism          Conj/Hex       #.........   100%        4    #####..
 Iskenderun's Mystic Bla  Conj           #.......     100%        4    #####..
 Dispersal                Tloc           #.........   100%        6    #######
 Controlled Blink         Tloc           N/A          100%        8    #######
 Disjunction              Tloc           #.........   100%        8    #######


Dungeon Overview and Level Annotations

Branches:
Dungeon (8/15)             Temple (1/1) D:7            Lair (3/6) D:8
 Shoals (0/4) Lair:2        Snake (0/4) Lair:2

Altars:
Ashenzari
Cheibriados
Elyvilon
Fedhas
Gozag
Hepliaklqana
Kikubaaqudgha
Makhleb
Nemelex Xobeh
Okawaru
Qazlal
Ru
Sif Muna
Trog
Uskayaw
Vehumet
Wu Jian
Xom
Yredelemnul
Zin
The Shining One

Annotations:
D:3 exclusion: door
D:4 Grinder
D:6 1 runed translucent door, exclusion: door, Crazy Yiuf
D:8 1 runed translucent door Gauntlet 7 transporters


Innate Abilities, Weirdness & Mutations

You have a pair of small horns on your head.
You are surrounded by a mild repulsion field. (EV +2)
You sometimes gain power by taking damage.
When hurt, damage is shared between your health and your magic reserves.
You regenerate magic rapidly.
Your life essence is reduced to manifest your ancestor. (-10% HP)
You possess an exceptional clarity of mind.
You are dopey. (Int -2)
Your muscles are very strong. (Str +4)


Message History

Okay, then.
Okay, then.
Unknown command.
Unknown command.
Evoke which item? (* to show all) (? for menu, Esc to quit)
Aiming: Paralyse
Press: ? - help, Shift-Dir - straight line, f - death drake
Aim: a death drake (lightly wounded, chance to defeat MR: 28%)
Okay, then.
Unknown command.
Press: ? - help, v - describe, . - travel The floor.
Unknown command.
Unknown command.
Evoke which item? (* to show all) (? for menu, Esc to quit)
Aiming: Paralyse
Press: ? - help, Shift-Dir - straight line, f - death drake
Aim: a death drake (lightly wounded, chance to defeat MR: 28%)
The death drake easily resists.
You die...

############
≈#≈#≈#≈#≈#≈################
............#§#§#≈#≈#≈#≈#§##
..∩..8..∩.................≈#
.....©......8.....8.....8.##
###########.......©.......≈#
#.........#...#########...##
#..##.##.p#...#.@k....#...≈#
#.#..#..#5#...####.####...##
#.#..#©.#5#...#..#R#..#...≈#
#..#####.5#.8.#.##©##.#.8.##
#.# #..#.#...#.#...#.#...≈#
#.5#.#...#.#^.^#.#...##
#.##..#...#§.%©![.#...≈#
..©)5.p#...#########...##
########.....#.©.#.....≈#
#.©.#....8...#.8.#...8.##


You could see a death drake, a wizard and 3 white imps.

Vanquished Creatures
  A hydra (Lair:1)
  A centaur warrior (D:8)
  2 ugly things (D:8)
  A merfolk siren (Lair:2)
  A spiny frog (Lair:3)
  2 merfolk (Lair:2)
  A troll (D:8)
  3 hippogriffs
  2 blink frogs (Lair:3)
  3 yaks (Lair:1)
  2 hungry ghosts
  A vampire mosquito (D:8)
  2 basilisks
  2 porcupines
  2 orc warriors (D:8)
  2 black bears
  A spectral hornet (Gauntlet)
  2 sky beasts
  Purgy (Sewer)
  4 phantoms
  An eye of draining (D:8)
  3 ogres
  A centaur (D:6)
  A crocodile (Lair:1)
  A gnoll sergeant (D:8)
  5 bullfrogs
  A scorpion (D:7)
  A wight (D:8)
  4 howler monkeys
  3 crimson imps
  A quasit (D:6)
  2 bullfrog zombies
  3 hounds
  3 orc wizards
  3 orc priests
  Ijyb (D:4)
  An iguana (D:5)
  2 worker ants
  A hound skeleton (D:8)
  15 adders
  A shadow imp (D:5)
  5 worms
  6 dart slugs
  8 leopard geckos
  7 orcs
  3 ball pythons
  10 giant cockroaches
  7 goblins
  5 hobgoblins
  9 jackals
  A kobold (D:2)
  3 quokkas
  4 bats
  11 frilled lizards
  A leopard gecko skeleton (D:4)
  11 rats
181 creatures vanquished.

Vanquished Creatures (collateral kills)
  A merfolk siren (Lair:2)
  2 blink frogs (Lair:3)
  A slime creature (D:8)
  4 hippogriffs
  A yak (Lair:1)
  A spectral hornet (Gauntlet)
  A centaur (D:8)
  4 crocodiles
  A bullfrog (Lair:3)
  A killer bee (D:7)
  An orc priest (D:8)
  An iguana (D:8)
  An orc wizard (D:8)
  4 orcs (D:8)
  2 jackals (D:8)
  2 fungi
28 creatures vanquished.

Vanquished Creatures (others)
  5 ancestors
  A plant (Lair:2)
6 creatures vanquished.

Grand Total: 215 creatures vanquished

Notes
Turn   | Place    | Note
-------+----------+-------------------------------------------
     0 | D:1      | Voker57 the Demonspawn Gladiator began the quest for the
                  | Orb.
     0 | D:1      | Reached XP level 1. HP: 16/16 MP: 1/1
   230 | D:1      | Gained mutation: You sometimes gain a little power by
                  | taking damage. [demonic ancestry]
   230 | D:1      | Reached XP level 2. HP: 22/22 MP: 2/2
   578 | D:1      | Gained mutation: When hurt, damage is shared between your
                  | health and your magic reserves. [demonic ancestry]
   578 | D:1      | Reached XP level 3. HP: 22/27 MP: 3/3
  1161 | D:2      | Gained mutation: You regenerate magic rapidly. [demonic
                  | ancestry]
  1161 | D:2      | Reached XP level 4. HP: 32/34 MP: 4/4
  1392 | D:2      | Noticed a phantom
  1470 | D:2      | Killed a phantom
  1470 | D:2      | Reached skill level 1 in Armour
  1470 | D:2      | Gained mutation: You have a pair of small horns on your
                  | head. [demonic ancestry]
  1470 | D:2      | Reached XP level 5. HP: 40/40 MP: 5/5
  1637 | D:3      | Found a deep blue altar of Sif Muna.
  1831 | D:3      | Found a glowing drain.
  1842 | Sewer    | Entered a sewer
  1864 | Sewer    | Noticed Purgy
  1874 | Sewer    | Gained mutation: Scrolls take you a little longer to read.
                  | [potion of mutation]
  1874 | Sewer    | Gained mutation: You have sharp toenails. [potion of
                  | mutation]
  1877 | Sewer    | Killed Purgy
  1877 | Sewer    | Reached XP level 6. HP: 22/47 MP: 2/6
  2470 | D:4      | Noticed Ijyb
  2646 | D:4      | Killed Ijyb
  2646 | D:4      | Reached skill level 5 in Long Blades
  2646 | D:4      | Reached skill level 1 in Stealth
  2663 | D:4      | Noticed Grinder
  2670 | D:4      | Paralysed by Grinder for 3 turns
  3066 | D:5      | Entered Level 5 of the Dungeon
  3433 | D:5      | Got a pair of scorched boots
  3439 | D:5      | Identified the cursed +0 pair of boots of Agnosticism {rF++
                  | Stlth+} (You found it on level 5 of the Dungeon)
  3467 | D:5      | well fire got nothing on me now
  3488 | D:5      | Noticed a sky beast
  3529 | D:5      | Killed a sky beast
  3755 | D:5      | Gained mutation: You sometimes gain power by taking damage.
                  | [demonic ancestry]
  3755 | D:5      | Reached XP level 7. HP: 51/53 MP: 5/7
  4697 | D:6      | Reached XP level 8. HP: 41/61 MP: 6/8
  4700 | D:6      | Found a radiant altar of Vehumet.
  4859 | D:6      | Reached skill level 5 in Fighting
  4995 | D:6      | Found a glowing silver altar of Zin.
  5130 | D:6      | Found a runed translucent door.
  5131 | D:6      | Noticed Crazy Yiuf
  5331 | D:6      | Reached skill level 5 in Dodging
  5887 | D:7      | Found an iron altar of Okawaru.
  6022 | D:7      | Found a staircase to the Ecumenical Temple.
  6029 | Temple   | Entered the Ecumenical Temple
  6076 | Temple   | Became a worshipper of Hepliaklqana the Forgotten
  6129 | D:7      | Gained mutation: You are surrounded by a mild repulsion
                  | field. (EV +2) [demonic ancestry]
  6129 | D:7      | Reached XP level 9. HP: 40/62 MP: 9/9
  6345 | D:8      | Found a staircase to the Lair.
  6416 | D:8      | Reached skill level 5 in Armour
  6486 | D:8      | Lost mutation: Scrolls take you a little longer to read.
                  | [potion of mutation]
  6486 | D:8      | Lost mutation: You have sharp toenails. [potion of
                  | mutation]
  6486 | D:8      | Gained mutation: Your muscles are strong. (Str +2) [potion
                  | of mutation]
  6486 | D:8      | Gained mutation: Your muscles are very strong. (Str +4)
                  | [potion of mutation]
  6486 | D:8      | Gained mutation: You are dopey. (Int -2) [potion of
                  | mutation]
  6486 | D:8      | Gained mutation: You possess an exceptional clarity of
                  | mind. [potion of mutation]
  6524 | D:8      | Found a runed translucent door.
  6552 | D:8      | Found a runed translucent door.
  6570 | D:8      | Found a runed translucent door.
  6571 | D:8      | Noticed a troll
  6572 | D:8      | Noticed a troll
  6624 | D:8      | Noticed a cyan ugly thing
  6969 | D:8      | Found a shattered altar of Ashenzari.
  7556 | D:8      | Noticed a troll
  7557 | D:8      | Noticed a purple ugly thing
  7641 | D:8      | Killed a troll
  7648 | D:8      | Killed a green ugly thing
  7879 | D:8      | Killed a cyan ugly thing
  7879 | D:8      | Reached XP level 10. HP: 44/71 MP: 10/10
  8027 | D:8      | Noticed a centaur warrior
  8044 | D:8      | Killed a centaur warrior
  8774 | Lair:1   | Entered Level 1 of the Lair of Beasts
  8812 | Lair:1   | Noticed a five-headed hydra
  8824 | Lair:1   | Killed a five-headed hydra
  8890 | Lair:1   | Got a scintillating garnet amulet
  9049 | Lair:1   | Reached * piety under Hepliaklqana
  9104 | Lair:1   | Got a crude robe
  9105 | Lair:1   | Identified the cursed +0 robe "Paitakk" {Int+4} (You found
                  | it on level 1 of the Lair of Beasts)
  9106 | Lair:1   | Identified the amulet "Xuumiabo" {Faith rElec MR+ Stlth+}
                  | (You found it on level 1 of the Lair of Beasts)
 10237 | Lair:2   | Noticed a merfolk siren
 10243 | Lair:2   | Killed a merfolk siren
 10262 | Lair:2   | Reached XP level 11. HP: 68/78 MP: 11/11
 10418 | Lair:2   | Found a staircase to the Shoals.
 10424 | Lair:2   | Reached ** piety under Hepliaklqana
 10425 | Lair:2   | Remembered your ancestor Djekaci as a battlemage
 10547 | Lair:2   | Found a staircase to the Snake Pit.
 11081 | Lair:3   | Found a gate leading to a gauntlet.
 11435 | Gauntlet | Entered a Gauntlet
 11435 | Gauntlet | Found a transporter.
 11440 | Gauntlet | Noticed a wizard
 11448 | Gauntlet | Found a transporter.
 11448 | Gauntlet | Noticed a death drake
 11449 | Gauntlet | Found a transporter.
 11450 | Gauntlet | Identified the ring "Xexusate" {*Tele rElec rC+ Slay+5
                  | Stlth-}
 11450 | Gauntlet | Noticed a wizard
 11453 | Gauntlet | Found a transporter.
 11462 | Gauntlet | Found a transporter.
 11462 | Gauntlet | Found a transporter.
 11463 | Gauntlet | Reached *** piety under Hepliaklqana
 11463 | Gauntlet | Noticed a reaper
 11464 | Gauntlet | Found a transporter.
 11464 | Gauntlet | Noticed a green death
 11466 | Gauntlet | Found a transporter.
 11551 | Gauntlet | HP: 3/76 [poisoned by a death drake (dark miasma)]
 11551 | Gauntlet | HP: 1/76 [death drake (2)]
 11553 | Gauntlet | Succumbed to a death drake's dark miasma

Levels and vault maps discovered:
D:1:      nzn_arrival_depleted_hourglass, layout_rooms
D:2:      layout_basic, first_ration
D:3:      layout_basic, led_sif_book, cheibrodos_sewer_entry_drain
D:4:      layout_rooms, uniq_ijyb, uniq_grinder
D:5:      layout_basic
D:6:      layout_rooms, nicolae_overflow_crystal_walls, lemuel_crystal_altar,
          uniq_crazy_yiuf_cottage
D:7:      layout_cave_pools, lemuel_round_altar, minmay_temple_entry_fiery,
          minmay_small_thing
D:8:      minmay_the_grid_triangle_9x9_rhombus_full
          [minmay_the_grid_triangle_9x9_zippers_horizontal,
          minmay_the_grid_triangle_9x9_subtriangle,
          minmay_the_grid_triangle_9x9_swiss_cheese,
          minmay_the_grid_triangle_9x9_wacky_v,
          minmay_the_grid_triangle_9x9_tough_junction,
          minmay_the_grid_triangle_9x9_intruding_spiral,
          minmay_the_grid_triangle_9x9_impossible_snake,
          minmay_the_grid_triangle_9x9_prize_insulated], layout_rooms,
          old_standard_altar, lair_entry_dummy, grunt_pizzeria
Temple:   nicolae_temple_x_marks_the_god
Lair:1:   layout_long_grid, infiniplex_staircase_pool_2
Lair:2:   layout_roguey, elwin_shoals_entry_stream, dummy_snake_entry
Lair:3:   layout_regular_city, gauntlet_entry_generic, grunt_megastairs_4
Sewer:    sewer_co_purgy_island
Gauntlet: minmay_gauntlet_mixed_oops_all_seconds
          [minmay_gauntlet_arena_77_mirror, nicolae_gauntlet_arena_quarters,
          minmay_gauntlet_arena_77_broken_ladder,
          gammafunk_gauntlet_arena_corners, minmay_gauntlet_arena_77_two_paths,
          minmay_gauntlet_arena_make_your_own_arena, gauntlet_exit_green]

Skill      XL: |  1  2  3  4  5  6  7  8  9 10 11 |
---------------+----------------------------------+-----
Long Blades    | 3 4 5 6 7 8 9 |  9.2
Dodging        | 3 4 5 6 7 8 |  8.3
Armour         | 1 2 3 4 6 8 |  8.9
Fighting       | 3 4 5 7 8 9 |  9.0
Stealth        | 1 |  1.0
Throwing       | |  1.8

Action                   |  1- 3 |  4- 6 |  7- 9 | 10-12 || total
-------------------------+-------+-------+-------+-------++-------
Melee: Long sword        |    98 |   158 |   372 |   126 ||   754
       Headbutt          |       |    26 |   111 |    54 ||   191
       Kick              |       |    22 |       |       ||    22
       Great sword       |       |       |       |    66 ||    66
       Flail             |       |       |       |     7 ||     7
Throw: Throwing net      |       |     3 |     1 |       ||     4
Invok: Ancestor Life: Ba |       |       |       |     1 ||     1
       Ancestor Identity |       |       |       |     1 ||     1
Evoke: Wand              |       |       |     9 |     1 ||    10
  Use: Scroll            |     1 |     1 |     6 |    11 ||    19
       Potion            |       |     4 |     5 |     9 ||    18
 Stab: Sleeping          |     1 |     4 |     4 |       ||     9
       Confused          |       |       |     2 |       ||     2
       Held in net/web   |       |       |     1 |       ||     1
       Distracted        |       |       |       |     4 ||     4
  Eat: Chunk             |     1 |     8 |    13 |     5 ||    27
       Ration            |       |       |     4 |     2 ||     6
Armor: Leather armour    |    22 |    27 |       |       ||    49
       Ring mail         |       |    29 |    58 |       ||    87
       Scale mail        |       |       |    90 |    23 ||   113
       Plate armour      |       |       |       |   118 ||   118
       Skin              |       |       |       |     1 ||     1
Dodge: Dodged            |    80 |   106 |   345 |   145 ||   676
Block: Other             |       |       |     2 |    13 ||    15
       Rpst.: Long sword |    35 |    26 |   117 |    22 ||   200
       Great sword       |       |       |       |    16 ||    16

Table legend:
 A = Non-vault XP
 B = Vault XP
 C = Vault XP percentage of total XP
 D = Non-vault monster count
 E = Vault monster count
 F = Vault count percentage of total count
                 A         B        C        D         E       F
            +---------+---------+-------+---------+---------+-------
      Total |    9763 |    5915 |  37.7 |     171 |      36 |  17.4
            +---------+---------+-------+---------+---------+-------
        D:1 |      66 |       0 |   0.0 |      33 |       0 |   0.0
        D:2 |     188 |       0 |   0.0 |      18 |       0 |   0.0
        D:3 |      20 |       6 |  23.1 |       4 |       2 |  33.3
        D:4 |      74 |      36 |  32.7 |       6 |       1 |  14.3
        D:5 |     414 |       0 |   0.0 |      19 |       0 |   0.0
        D:6 |    1247 |       0 |   0.0 |      27 |       0 |   0.0
        D:7 |     560 |      64 |  10.3 |      11 |       2 |  15.4
        D:8 |    1067 |    3627 |  77.3 |      26 |      17 |  39.5
     Lair:1 |    2837 |       0 |   0.0 |      12 |       0 |   0.0
     Lair:2 |     938 |    1550 |  62.3 |       5 |       4 |  44.4
     Lair:3 |    2352 |     232 |   9.0 |      10 |       1 |   9.1
      Sewer |       0 |     137 | 100.0 |       0 |       7 | 100.0
   Gauntlet |       0 |     263 | 100.0 |       0 |       2 | 100.0
            +---------+---------+-------+---------+---------+-------
